SA
PUT-IN-BAY BC @ CHICAGO TULA
08/19/2023
 
TOP OF THE 1ST
Put-In-Bay BC batting - Pitching for Chicago Tula : LHP Carlos Medina
Pitching: LHP Carlos Medina
Batting: RHB Jorge Suárez 0-0: Called Strike
0-1: Called Strike
0-2: Ball
1-2: Ball
2-2: Strikes out swinging
Batting: RHB Ron Johnston 0-0: Called Strike
0-1: Ball
1-1: Foul Ball, location: 2F
1-2: Foul Ball, location: 2F
1-2: Ball
2-2: Fly out, F4 (Popup, 4MD)
Batting: RHB Barton Nagel 0-0: Ball
1-0: Ball
2-0: Called Strike
2-1: Ground out 5-3 (Groundball, 56)
Top of the 1st over - 0 run(s), 0 hit(s), 0 error(s), 0 left on base; Put-In-Bay 0 - Chicago 0
BOTTOM OF THE 1ST
Chicago Tula batting - Pitching for Put-In-Bay BC : RHP Addick Lubbers
Pitching: RHP Addick Lubbers
Batting: LHB Gerald Kaufman 0-0: Called Strike
0-1: SINGLE (Groundball, 34D) (infield hit)
Batting: RHB Bryan Sanders 0-0: Ball
1-0: Foul Ball, location: 2F
1-1: Ball
2-1: Ball
3-1: Swinging Strike
3-2: Foul Ball, location: 2F
3-2: Foul Ball, location: 2F
3-2: Strikes out swinging
Batting: RHB Jorge Rodríguez 0-0: Ball
1-0: Swinging Strike
1-1: Ball
2-1: Called Strike
2-2: Strikes out swinging
Batting: RHB Mike Greene 0-0: Called Strike
0-1: Ball
1-1: Ball
2-1: Ground out 5-3 (Groundball, 5S)
Bottom of the 1st over - 0 run(s), 1 hit(s), 0 error(s), 1 left on base; Put-In-Bay 0 - Chicago 0
TOP OF THE 2ND
Put-In-Bay BC batting - Pitching for Chicago Tula : LHP Carlos Medina
Batting: SHB Albert Sánchez 0-0: Ball
1-0: Called Strike
1-1: Swinging Strike
1-2: Strikes out swinging
Batting: LHB Dale Miller 0-0: Called Strike
0-1: Fly out, F9 (Line Drive, 89D)
Batting: SHB Francisco Pérez 0-0: Called Strike
0-1: Swinging Strike
0-2: Ball
1-2: SINGLE (Flyball, 8LS)
Batting: RHB Haechan Han 0-0: Called Strike
0-1: Reached on error, E5 (Groundball, 56)
Francisco Pérez to second
Batting: LHB Greg Gross 0-0: SINGLE (Groundball, 56)
Francisco Pérez to third
Haechan Han to second
Runner from 3rd tries for Home, SAFE, no throw or cutoff
Batting: RHB Jeff Cunningham 0-0: Foul Ball, location: 2F
0-1: Ground out 4-3 (Groundball, 4S)
Top of the 2nd over - 1 run(s), 2 hit(s), 1 error(s), 2 left on base; Put-In-Bay 1 - Chicago 0
BOTTOM OF THE 2ND
Chicago Tula batting - Pitching for Put-In-Bay BC : RHP Addick Lubbers
Batting: RHB Lee Lockheart 0-0: Foul Ball, location: 2F
0-1: Foul Ball, location: 2F
0-2: Ball
1-2: Ball
2-2: Strikes out swinging
Batting: SHB Alfredo González 0-0: Called Strike
0-1: Foul Ball, location: 2F
0-2: Strikes out swinging
Batting: RHB Alfonso Grappasonni 0-0: Ball
1-0: Foul Ball, location: 2F
1-1: Foul Ball, location: 2F
1-2: Ground out 6-3 (Groundball, 6)
Bottom of the 2nd over - 0 run(s), 0 hit(s), 0 error(s), 0 left on base; Put-In-Bay 1 - Chicago 0
TOP OF THE 3RD
Put-In-Bay BC batting - Pitching for Chicago Tula : LHP Carlos Medina
Batting: RHB Jorge Suárez 0-0: SINGLE (Line Drive, 9S)
Batting: RHB Ron Johnston 0-0: Foul Ball, location: 2F
0-1: Foul Ball, location: 2F
0-2: Ball
1-2: Ball
2-2: Fly out, F4 (Line Drive, 4)
Batting: RHB Barton Nagel 0-0: Ball
Wild Pitch!
Jorge Suárez to second
1-0: Ball
2-0: Reached on Error, E7 (Flyball, 7M)
Jorge Suárez to third
Batting: SHB Albert Sánchez 0-0: Ball
Barton Nagel is caught stealing 2nd base
1-0: Ball
2-0: Called Strike
2-1: Foul Ball, location: 2F
2-2: Fly out, F8 (Flyball, 89XD)
Top of the 3rd over - 0 run(s), 1 hit(s), 1 error(s), 1 left on base; Put-In-Bay 1 - Chicago 0
BOTTOM OF THE 3RD
Chicago Tula batting - Pitching for Put-In-Bay BC : RHP Addick Lubbers
Batting: RHB Vincent Vega 0-0: Ball
1-0: Ball
2-0: Ground out U3 (Groundball, 3)
Batting: RHB Christian Hoover 0-0: SINGLE (Line Drive, 4M)
Batting: LHB Gerald Kaufman 0-0: Ball
1-0: Foul Ball, location: 2F
1-1: Foul Ball, location: 2F
1-2: Foul Ball, location: 2F
1-2: Strikes out looking
Batting: RHB Bryan Sanders 0-0: Called Strike
0-1: Swinging Strike
0-2: Ground out 4-3 (Groundball, 4)
Bottom of the 3rd over - 0 run(s), 1 hit(s), 0 error(s), 1 left on base; Put-In-Bay 1 - Chicago 0
TOP OF THE 4TH
Put-In-Bay BC batting - Pitching for Chicago Tula : LHP Carlos Medina
Batting: LHB Dale Miller 0-0: Ball
1-0: Ball
2-0: Foul Ball, location: 2F
2-1: Ground out 1-3 (Groundball, 25)
Batting: SHB Francisco Pérez 0-0: Ball
1-0: SINGLE (Line Drive, 34D)
Batting: RHB Haechan Han 0-0: Ball
1-0: Foul Ball, location: 2F
1-1: Ball
2-1: Ball
3-1: Base on Balls
Francisco Pérez to second
Batting: LHB Greg Gross 0-0: Called Strike
0-1: Called Strike
0-2: Ball
1-2: SINGLE (Groundball, 4MD)
Francisco Pérez to third
Haechan Han to second
Runner from 3rd tries for Home, SAFE, no throw or cutoff
Batting: RHB Jeff Cunningham 0-0: Foul Ball, location: 2F
0-1: Called Strike
0-2: Foul Ball, location: 2F
0-2: Ball
1-2: Ball
2-2: Ball
3-2: Strikes out looking
Greg Gross is caught stealing 2nd base
Batter strikes out.
Top of the 4th over - 1 run(s), 2 hit(s), 0 error(s), 1 left on base; Put-In-Bay 2 - Chicago 0
BOTTOM OF THE 4TH
Chicago Tula batting - Pitching for Put-In-Bay BC : RHP Addick Lubbers
Batting: RHB Jorge Rodríguez 0-0: Ground out 5-3 (Groundball, 56S)
Batting: RHB Mike Greene 0-0: Ball
1-0: Foul Ball, location: 2F
1-1: Swinging Strike
1-2: Ball
2-2: Foul Ball, location: 2F
2-2: Strikes out swinging
Batting: RHB Lee Lockheart 0-0: Called Strike
0-1: Called Strike
0-2: Strikes out swinging
Bottom of the 4th over - 0 run(s), 0 hit(s), 0 error(s), 0 left on base; Put-In-Bay 2 - Chicago 0
TOP OF THE 5TH
Put-In-Bay BC batting - Pitching for Chicago Tula : LHP Carlos Medina
Batting: RHB Jorge Suárez 0-0: Called Strike
0-1: Called Strike
0-2: Ball
1-2: Fly out, F9 (Flyball, 9M)
Batting: RHB Ron Johnston 0-0: Swinging Strike
0-1: Swinging Strike
0-2: Fly out, F8 (Flyball, 8LM)
Batting: RHB Barton Nagel 0-0: Swinging Strike
0-1: SINGLE (Groundball, 6MD)
Batting: SHB Albert Sánchez 0-0: Called Strike
0-1: Ground out 4-3 (Groundball, 13)
Top of the 5th over - 0 run(s), 1 hit(s), 0 error(s), 1 left on base; Put-In-Bay 2 - Chicago 0
BOTTOM OF THE 5TH
Chicago Tula batting - Pitching for Put-In-Bay BC : RHP Addick Lubbers
Batting: SHB Alfredo González 0-0: Ball
1-0: Ball
2-0: Swinging Strike
2-1: Fly out, F2 (Popup, 23F)
Batting: RHB Alfonso Grappasonni 0-0: Ball
1-0: Ball
2-0: Foul Ball, location: 2F
2-1: Foul Ball, location: 2F
2-2: Ball
3-2: Fly out, F8 (Flyball, 8RM)
Batting: RHB Vincent Vega 0-0: Called Strike
0-1: Ball
1-1: Fly out, F7 (Flyball, 78M)
Bottom of the 5th over - 0 run(s), 0 hit(s), 0 error(s), 0 left on base; Put-In-Bay 2 - Chicago 0
TOP OF THE 6TH
Put-In-Bay BC batting - Pitching for Chicago Tula : LHP Carlos Medina
Batting: LHB Dale Miller 0-0: Ball
1-0: Foul Ball, location: 2F
1-1: Called Strike
1-2: Ball
2-2: Ball
3-2: SINGLE (Groundball, 34D) (infield hit)
Batting: SHB Francisco Pérez 0-0: Ball
1-0: Bunted foul
1-1: Bunted foul
1-2: Ball
2-2: Foul Ball, location: 2F
2-2: Foul Ball, location: 2F
2-2: SINGLE (Groundball, 34D)
Dale Miller to second
Runner from 2nd tries for 3rd, OUT!
Batting: RHB Haechan Han 0-0: Called Strike
0-1: Ball
1-1: Ball
2-1: Ball
Francisco Pérez is caught stealing 2nd base
3-1: Foul Ball, location: 2F
3-2: SINGLE (Line Drive, 6M)
Batting: LHB Greg Gross 0-0: Ball
1-0: Called Strike
1-1: Ball
Single, Error in OF, E7, batter to second base
Haechan Han to third
Batting: RHB Jeff Cunningham 0-0: Called Strike
0-1: Ball
1-1: Ball
2-1: SINGLE (Groundball, 4M)
Haechan Han scores
Greg Gross to third
Runner from 3rd tries for Home, SAFE, no throw or cutoff
Batting: RHB Jorge Suárez 0-0: Ball
1-0: Swinging Strike
1-1: Ball
2-1: Ball
3-1: Foul Ball, location: 2F
3-2: Strikes out looking
Top of the 6th over - 2 run(s), 5 hit(s), 1 error(s), 1 left on base; Put-In-Bay 4 - Chicago 0
BOTTOM OF THE 6TH
Chicago Tula batting - Pitching for Put-In-Bay BC : RHP Addick Lubbers
Batting: RHB Christian Hoover 0-0: Swinging Strike
0-1: Swinging Strike
0-2: Foul Ball, location: 2F
0-2: Ball
1-2: Strikes out swinging
Batting: LHB Gerald Kaufman 0-0: Ball
1-0: Ball
2-0: SINGLE (Groundball, 4MD) (infield hit)
Batting: RHB Bryan Sanders 0-0: Called Strike
0-1: Called Strike
0-2: Ball
1-2: Strikes out looking
Batting: RHB Jorge Rodríguez 0-0: Called Strike
Gerald Kaufman steals 2nd base
0-1: SINGLE (Line Drive, 4D)
Gerald Kaufman to third
Runner from 3rd tries for Home, SAFE, no throw or cutoff
Batting: RHB Mike Greene 0-0: Ball
1-0: Called Strike
1-1: SINGLE (Groundball, 4MD)
Jorge Rodríguez to second
Runner from 2nd tries for 3rd, SAFE, throw made to third
Batting: RHB Lee Lockheart 0-0: Ball
1-0: Foul Ball, location: 2F
1-1: Ball
2-1: Foul Ball, location: 2F
2-2: Fly out, F7 (Flyball, 7M)
Bottom of the 6th over - 1 run(s), 3 hit(s), 0 error(s), 2 left on base; Put-In-Bay 4 - Chicago 1
TOP OF THE 7TH
Put-In-Bay BC batting - Pitching for Chicago Tula : LHP Carlos Medina
Batting: RHB Ron Johnston 0-0: Ball
1-0: Foul Ball, location: 2F
1-1: Swinging Strike
1-2: Foul Ball, location: 2F
1-2: Ball
2-2: Ball
3-2: Foul Ball, location: 2F
3-2: Base on Balls
Pitching: LHP Yeong-hwan Yang
Batting: RHB Barton Nagel 0-0: Ball
1-0: Called Strike
1-1: Foul Ball, location: 2F
1-2: Foul Ball, location: 2F
1-2: Foul Ball, location: 2F
1-2: Foul Ball, location: 2F
1-2: Ball
2-2: Ball
3-2: Foul Ball, location: 2F
3-2: Base on Balls
Ron Johnston to second
Batting: SHB Albert Sánchez 0-0: DOUBLE (Flyball, 89D)
Ron Johnston scores
Barton Nagel to third
Batting: LHB Dale Miller 0-0: Ball
1-0: Called Strike
1-1: Swinging Strike
1-2: Strikes out looking
Batting: SHB Francisco Pérez 0-0: Intentional Walk
Batting: RHB Haechan Han 0-0: Ball
Wild Pitch!
Barton Nagel scores
Albert Sánchez to third
Francisco Pérez to second
1-0: Ball
2-0: Called Strike
2-1: Foul Ball, location: 2F
2-2: SINGLE (Groundball, 56D)
Albert Sánchez scores
Francisco Pérez to third
Runner from 3rd tries for Home, SAFE, no throw or cutoff
Pitching: RHP José Rangel
Batting: LHB Greg Gross 0-0: Ball
1-0: Ball
2-0: Grounds into double play, 1-6-3 (Groundball, 13)
Top of the 7th over - 4 run(s), 2 hit(s), 0 error(s), 0 left on base; Put-In-Bay 8 - Chicago 1
BOTTOM OF THE 7TH
Chicago Tula batting - Pitching for Put-In-Bay BC : RHP Addick Lubbers
Batting: SHB Alfredo González 0-0: Ball
1-0: Called Strike
1-1: Ball
2-1: SINGLE (Groundball, 6MD)
Batting: RHB Alfonso Grappasonni 0-0: Ball
1-0: Swinging Strike
1-1: Swinging Strike
1-2: Ball
2-2: Strikes out looking
Batting: RHB Vincent Vega 0-0: Ball
1-0: Ball
2-0: Ball
3-0: Base on Balls
Alfredo González to second
Batting: RHB Christian Hoover 0-0: Called Strike
0-1: Foul Ball, location: 2F
0-2: Foul Ball, location: 2F
0-2: Ball
1-2: Strikes out swinging
Batting: LHB Gerald Kaufman 0-0: Ball
1-0: Called Strike
1-1: Called Strike
1-2: Ball
2-2: Ball
3-2: Reached on error, E6 (Groundball, 6)
Alfredo González to third
Vincent Vega to second
Batting: RHB Bryan Sanders 0-0: Called Strike
0-1: Called Strike
0-2: Strikes out swinging
Bottom of the 7th over - 0 run(s), 1 hit(s), 1 error(s), 3 left on base; Put-In-Bay 8 - Chicago 1
TOP OF THE 8TH
Put-In-Bay BC batting - Pitching for Chicago Tula : RHP José Rangel
Batting: RHB Jeff Cunningham 0-0: Ball
1-0: Ball
2-0: SINGLE (Line Drive, 7S)
Batting: RHB Jorge Suárez 0-0: Bunt missed!
0-1: Bunted foul
0-2: Strikes out swinging
Batting: RHB Ron Johnston 0-0: Ball
1-0: Ball
2-0: Called Strike
2-1: Fly out, F8 (Flyball, 8RM)
Batting: RHB Barton Nagel 0-0: Ball
1-0: Foul Ball, location: 2F
1-1: Fly out, F7 (Flyball, 7M)
Top of the 8th over - 0 run(s), 1 hit(s), 0 error(s), 1 left on base; Put-In-Bay 8 - Chicago 1
BOTTOM OF THE 8TH
Chicago Tula batting - Pitching for Put-In-Bay BC : RHP Addick Lubbers
Pitching: RHP Jim Unknown
Now at C: Felipe Martínez
Batting: RHB Jorge Rodríguez 0-0: Ball
1-0: Called Strike
1-1: Ground out 4-3 (Groundball, 4)
Batting: RHB Mike Greene 0-0: Called Strike
0-1: SINGLE (Groundball, 4MD)
Batting: RHB Lee Lockheart 0-0: Ball
1-0: Called Strike
1-1: SINGLE (Groundball, 5L)
Mike Greene to second
Batting: SHB Alfredo González 0-0: Called Strike
0-1: Ball
1-1: Ground out 3-1 (Groundball, 34)
Mike Greene to third
Lee Lockheart to second
Batting: RHB Alfonso Grappasonni 0-0: Ball
1-0: Ball
2-0: Fly out, F4 (Line Drive, 4)
Bottom of the 8th over - 0 run(s), 2 hit(s), 0 error(s), 2 left on base; Put-In-Bay 8 - Chicago 1
TOP OF THE 9TH
Put-In-Bay BC batting - Pitching for Chicago Tula : RHP José Rangel
Batting: SHB Albert Sánchez 0-0: Ball
1-0: Ball
2-0: Ball
3-0: Called Strike
3-1: Base on Balls
Batting: LHB Dale Miller 0-0: Fly out, F8 (Flyball, 8LM)
Batting: SHB Francisco Pérez 0-0: Called Strike
0-1: Foul Ball, location: 2F
0-2: Ball
1-2: SINGLE (Line Drive, 56)
Albert Sánchez to second
Batting: RHB Haechan Han 0-0: Called Strike
0-1: Foul Ball, location: 2F
0-2: Foul Ball, location: 2F
0-2: Grounds into double play, U6-3 (Groundball, 6M)
Top of the 9th over - 0 run(s), 1 hit(s), 0 error(s), 1 left on base; Put-In-Bay 8 - Chicago 1
BOTTOM OF THE 9TH
Chicago Tula batting - Pitching for Put-In-Bay BC : RHP Jim Unknown
Batting: RHB Vincent Vega 0-0: Ball
1-0: Called Strike
1-1: Ball
2-1: Ground out 6-3 (Groundball, 6M)
Batting: RHB Christian Hoover 0-0: Ball
1-0: SINGLE (Line Drive, 78S)
Batting: LHB Gerald Kaufman 0-0: Ball
1-0: Ball
2-0: Ball
3-0: Base on Balls
Christian Hoover to second
Batting: RHB Bryan Sanders 0-0: Grounds into double play, U5-3 (Groundball, 5L)
Bottom of the 9th over - 0 run(s), 1 hit(s), 0 error(s), 1 left on base; Put-In-Bay 8 - Chicago 1
This league is powered by Out of the Park Baseball, the baseball management simulation game for PC, Mac and Linux
Friday, July 8th, 2016 - OOTP Baseball 16.9 Build 39